 Dungeon Crawl Stone Soup version 0.19.1 (webtiles) character file.

219 Oxelix the Cudgeler (level 5, -6/47 HPs)
             Began as a Hill Orc Monk on Dec 27, 2016.
             Killed by divine providence
             ... invoked by an orc priest
              (14 damage)
             ... on level 4 of the Dungeon.
             The game lasted 00:18:35 (4149 turns).

Oxelix the Cudgeler (Hill Orc Monk)                 Turns: 4149, Time: 00:18:36

Health: -6/47      AC:  6    Str: 13 (14) XL:     5   Next: 96%
Magic:  5/5        EV: 10    Int: 10      God:
Gold:   98         SH:  0    Dex: 14      Spells: 0 memorised, 4 levels left

rFire  . . .     SeeInvis .     a - +0 mace
rCold  . . .     Gourm    .     g - +0 scale mail
rNeg   . . .     Faith    .     (no shield)
rPois  .         Spirit   .     (no helmet)
rElec  .         Reflect  .     (no cloak)
rCorr  .         Harm     .     (no gloves)
MR     .....                    (no boots)
Stlth  +.........               (no amulet)
                                (no ring)
                                (no ring)

@: no status effects
A: no striking features
a: Convert to Beogh


You were on level 4 of the Dungeon.
You were not hungry.

You visited 1 branch of the dungeon, and saw 4 of its levels.

You collected 98 gold pieces.

Inventory:

Hand Weapons
 a - a +0 mace (weapon)
 f - a +0 club
 n - a +0 spear
Missiles
 c - 32 poisoned needles
 d - 113 stones (quivered)
 h - 66 arrows
Armour
 b - a +0 robe
 e - a +0 chain mail
 g - a +0 scale mail (worn)
 k - a +0 chain mail
Wands
 i - a wand of polymorph (3/24)
 o - a wand of slowing (26/48)
Scrolls
 j - 6 scrolls of identify
 m - 2 scrolls of remove curse
Comestibles
 l - a bread ration


   Skills:
 + Level 4.4 Fighting
 + Level 5.3 Maces & Flails
 + Level 1.6 Armour
 + Level 2.8 Dodging
 * Level 2.6 Stealth


You had 4 spell levels left.
You didn't know any spells.

Dungeon Overview and Level Annotations

Branches:
Dungeon (4/15)             Temple (0/1) D:4

Altars:


Message History

Okay, then.
You aren't carrying any potions.
You hit the ogre.
The ogre is lightly wounded.
The ogre closely misses you.
The orc priest shouts!
The orc priest shouts, "Beogh is our master!
Accept the truth or die!" (press Y on the ability menu to convert to Beogh)
You hit the ogre.
The ogre is moderately wounded.
The orc priest mumbles some strange prayers to Beogh against you.
Beogh smites you! The ogre hits you with a giant club!!
Ouch! That really hurt!
* * * LOW HITPOINT WARNING * * *
There are monsters nearby!
You hit the ogre.
The ogre is heavily wounded.
The orc priest invokes the aid of Beogh against you.
Beogh smites you!
You die...

......##..###
.####........ .
...o...# .
........## .
.........# O
.......#.#########
.
.........<.......#
...............>.#
.........O@......#
.................#
.......###########
#######


You could see an ogre and an orc priest.

Vanquished Creatures
  Natasha (thrice) (D:3)
  5 adders
  3 oozes
  A dart slug (D:1)
  4 leopard geckos
  An orc (D:3)
  A giant cockroach (D:2)
  12 goblins
  15 hobgoblins
  A quokka (D:3)
  2 ball pythons
  10 bats
  5 frilled lizards
  8 kobolds
  11 rats
82 creatures vanquished.

Notes
Turn   | Place    | Note
-------+----------+-------------------------------------------
     0 | D:1      | Oxelix the Hill Orc Monk began the quest for the Orb.
     0 | D:1      | Reached XP level 1. HP: 19/19 MP: 1/1
   129 | D:1      | Reached XP level 2. HP: 16/27 MP: 2/2
   599 | D:1      | Reached XP level 3. HP: 33/33 MP: 3/3
   833 | D:1      | Reached skill level 4 in Maces & Flails
  1276 | D:2      | Reached XP level 4. HP: 40/40 MP: 4/4
  2122 | D:2      | Reached skill level 1 in Armour
  2458 | D:3      | Noticed Natasha
  2471 | D:3      | Killed Natasha
  2471 | D:3      | Reached XP level 5. HP: 33/47 MP: 5/5
  2933 | D:3      | Noticed Natasha
  2991 | D:3      | Killed Natasha
  2991 | D:3      | Reached skill level 5 in Maces & Flails
  3225 | D:3      | Noticed Natasha
  3244 | D:3      | Killed Natasha
  4061 | D:4      | Found a staircase to the Ecumenical Temple.
  4061 | D:4      | Noticed an ogre
  4149 | D:4      | Killed from afar by an orc priest

Skill      XL: |  1  2  3  4  5 |
---------------+----------------+-----
Fighting       | 4 |  4.4
Maces & Flails | 4 5 |  5.3
Stealth        | 2 |  2.6
Armour         | 1 |  1.6
Dodging        | |  2.8

Action                   |  1- 3 |  4- 6 || total
-------------------------+-------+-------++-------
Melee: Mace              |   118 |   211 ||   329
       Unarmed           |       |     4 ||     4
Throw: Stone             |     3 |       ||     3
  Use: Potion            |     1 |     6 ||     7
       Scroll            |     1 |     3 ||     4
 Stab: Sleeping          |     1 |       ||     1
  Eat: Bread ration      |     1 |       ||     1
       Chunk             |       |     3 ||     3
       Royal jelly       |       |     1 ||     1
       Beef jerky        |       |     1 ||     1
Armor: Robe              |     3 |       ||     3
       Chain mail        |     2 |       ||     2
       Scale mail        |    62 |    85 ||   147
       Skin              |       |    26 ||    26
Dodge: Dodged            |    83 |   100 ||   183
